 Dungeon Crawl Stone Soup version 0.22.2-1-ge965b3a (webtiles) character file.

37 nyanpiggle the Magician (level 3, -4/24 HPs)
             Began as a Human Wizard on May 13, 2019.
             Was an Initiate of Vehumet.
             Killed from afar by an orc wizard (7 damage)
             ... with a magic dart
             ... on level 3 of the Dungeon.
             The game lasted 00:15:01 (1893 turns).

nyanpiggle the Magician (Human Wizard)              Turns: 1893, Time: 00:15:02

Health: -4/24      AC:  2    Str:  7    XL:     3   Next: 62%
Magic:  2/8        EV: 12    Int: 19    God:    Vehumet [......]
Gold:   119        SH:  0    Dex: 11    Spells: 6/9 levels left

rFire    . . .     SeeInvis .   c - +0 hand axe
rCold    . . .     Gourm    .   (no shield)
rNeg     . . .     Faith    .   a - +0 robe
rPois    .         Spirit   .   b - +0 hat
rElec    .         Reflect  .   (no cloak)
rCorr    .         Harm     .   (no gloves)
MR       .....                  (no boots)
Stlth    ++........             (no amulet)
HPRegen  0.08/turn              (no ring)
MPRegen  0.11/turn              (no ring)

@: very slightly contaminated
A: no striking features
a: Renounce Religion


You were on level 3 of the Dungeon.
You worshipped Vehumet.
Vehumet was noncommittal.
You were very hungry.

You visited 1 branch of the dungeon, and saw 3 of its levels.

You collected 119 gold pieces.

Inventory:

Hand Weapons
 c - a +0 hand axe (weapon)
 h - a +0 club
Missiles
 e - 20 poisoned needles
Armour
 a - a +0 robe (worn)
 b - a +0 hat (worn)
 g - a +0 chain mail of positive energy
Scrolls
 f - 2 scrolls of fear {unknown}
 j - a scroll of magic mapping
 k - a scroll of identify
 m - a scroll of fog {unknown}
 o - a scroll of noise {unknown}
 p - a scroll of teleportation {unknown}
Potions
 i - a potion of cancellation
 l - 2 potions of brilliance {unknown}
 n - a potion of magic {unknown}
 q - 2 potions of might {unknown}
Comestibles
 d - 6 rations


   Skills:
 + Level 0.2 Axes
 + Level 2.2 Dodging
 + Level 2.2 Stealth
 + Level 3.8 Spellcasting
 + Level 1.2 Conjurations
 + Level 1.0 Summonings
   Level 1.0 Translocations


You had 6 spell levels left.
You knew the following spells:

 Your Spells              Type           Power        Failure   Level  Hunger
a - Magic Dart            Conj           #...         9%          1    None
b - Call Imp              Summ           #.......     14%         2    ##.....

Your spell library contained the following spells:

 Spells                   Type           Power        Failure   Level  Hunger
 Blink                    Tloc           N/A          14%         2    ##.....
 Slow                     Hex            #.......     22%         2    ##.....
 Conjure Flame            Conj/Fire      #.......     32%         3    ###....
 Mephitic Cloud           Conj/Pois/Air  #.......     34%         3    ###....


Dungeon Overview and Level Annotations

Branches:
Dungeon (3/15)

Altars:
Sif Muna
Uskayaw
Vehumet


Message History

Casting: Call Imp (safe; 14% risk of failure)
Confirm with . or Enter, or press ? or * to list all spells.
You miscast Call Imp.
You are very lightly contaminated with residual magic.
Nothing appears to happen.
You are feeling very hungry.
The orc wizard hits you with a dagger.
* * * LOW HITPOINT WARNING * * *
You closely miss the orc wizard.
The orc wizard is lightly wounded.
A quokka comes into view.
The orc wizard hits you with a dagger.
* * * LOW HITPOINT WARNING * * *
The orc wizard closely misses you.
Casting: Call Imp (safe; 14% risk of failure)
Confirm with . or Enter, or press ? or * to list all spells.
A beastly little devil appears in a puff of frigid air.
The orc wizard gestures at you while chanting.
The magic dart hits you!
You die...

...8.8.8...
#####.......#.
#......#....#r
#$#<ยง...# .##
####o#....b...
#)####.##.##
#.# .5. #.#
#.# #.# #@#
#.#######o#
#..o......#
#.#########
#.# ###


You could see an orc wizard, a quokka and a friendly white imp.

Vanquished Creatures
  An adder skeleton (D:2)
  3 dart slugs
  2 orcs (D:3)
  2 giant cockroaches
  A goblin (D:1)
  4 hobgoblins
  4 bats
  2 frilled lizards
  4 kobolds
  5 rats (D:1)
28 creatures vanquished.

Notes
Turn   | Place    | Note
-------+----------+-------------------------------------------
     0 | D:1      | nyanpiggle the Human Wizard began the quest for the Orb.
     0 | D:1      | Reached XP level 1. HP: 13/13 MP: 4/4
   234 | D:1      | Reached XP level 2. HP: 13/19 MP: 1/6
   982 | D:2      | Found a radiant altar of Vehumet.
   984 | D:2      | Found a deep blue altar of Sif Muna.
   992 | D:2      | Became a worshipper of Vehumet
   996 | D:2      | Learned a level 2 spell: Call Imp
  1118 | D:2      | Reached XP level 3. HP: 15/24 MP: 4/8
  1812 | D:3      | Found a hide-covered altar of Uskayaw.
  1893 | D:3      | Killed from afar by an orc wizard

Action                   || total
-------------------------++-------
Melee: Hand axe          ||    52
 Cast: Magic Dart        ||    49
       Call Imp          ||     3
  Use: Scroll            ||     2
  Eat: Chunk             ||     2
Armor: Robe              ||    26
Dodge: Dodged            ||    51
